Map: Magma Mines

Players

Valdis

  • Race: Zerg Zerg
  • Spawn Location: 9:00

Nethianer

  • Race: Terran Terran
  • League: Diamond
  • Spawn Location: 11:00

Musumeci

  • Race: Zerg Zerg
  • League: Diamond
  • Spawn Location: 1:00

MichyMoko

  • Race: Zerg Zerg
  • Spawn Location: 3:00

VOD

Have the link to the VOD?

Description

Time

  • Played on: March 11, 2017, 1:36 p.m.
  • Length: 9:04
Show
View Real Time Build Order
Export as new Build Order

Valdis Zerg 

Build Orders: Hatch First, Zergling Baneling 

Get SALT Encoding   

  12  0:01  Drone  
  13  0:13  Overlord  
  13  0:18  Drone  
  14  0:25  Extractor  
  14  0:26  Drone  
  15  0:32  Drone  
  15  0:35  Drone  
  17  0:54  Hatchery  
  16  0:58  Drone  
  16  1:01  Drone  
  18  1:06  Extractor  
  17  1:18  Spawning Pool  
  16  1:21  Drone  
  16  1:24  Drone  
  18  1:29  Drone  
  19  1:39  Overlord  
  19  2:04  Queen  
  19  2:05  Metabolic Boost  
  19  2:07  Queen  
  23  2:09  Zergling x2  
  23  2:10  Zergling x2  
  23  2:13  Zergling x2  
  26  2:19  Zergling x2  
  26  2:20  Zergling x2  
  28  2:28  Zergling x2  
  28  2:29  Zergling x2  
  30  2:38  Drone  
  31  2:48  Drone x2  
  33  2:52  Drone  
  34  3:00  Drone x2  
  36  3:07  Overlord  
  36  3:15  Hatchery  
  36  3:19  Overlord  
  35  3:30  Baneling Nest  
  35  3:32  Drone x3  
  35  3:33  Drone  
  38  3:44  Zergling x8  
  42  3:49  Zergling x2  
  42  3:50  Zergling x2  
  42  3:55  Zergling x4  
  46  3:59  Zergling x4  
  48  4:13  Baneling x5  
  48  4:14  Baneling x3  
  48  4:20  Lair  
  48  4:22  Extractor  
  48  4:23  Extractor  
  46  4:24  Drone, Extractor  
  46  4:25  Drone x2  
  46  4:27  Drone  
  49  4:34  Queen  
  49  4:37  Drone  
  52  4:40  Drone  
  52  4:42  Drone  
  54  4:47  Drone x2  
  54  4:48  Drone  
  57  4:55  Evolution Chamber  
  57  4:57  Drone  
  57  4:58  Drone  
  58  5:04  Overlord x2  
  58  5:21  Overlord x2  
  58  5:22  Overlord  
  56  5:41  Zerg Melee Weapons Level 1  
  55  5:43  Roach Warren  
  54  5:52  Drone x3  
  54  5:53  Drone x7  
  64  6:06  Drone x2  
  64  6:07  Infestation Pit, Drone x2  
  67  6:23  Drone x8  
  67  6:24  Drone  
  75  6:29  Extractor  
  75  6:30  Extractor  
  75  6:31  Glial Reconstitution  
  73  6:42  Spore Crawler x2  
  73  6:43  Spore Crawler  
  73  6:44  Spore Crawler x2  
  73  6:46  Spore Crawler  
  61  7:05  Drone x3  
  61  7:06  Drone x7  
  61  7:07  Drone x4  
  68  7:18  Pathogen Glands  
  68  7:20  Drone x4  
  71  7:33  Pneumatized Carapace  
  71  7:34  Overseer  
  71  7:35  Overseer  
  66  7:45  Evolution Chamber  
  66  7:48  Burrow  
  66  7:50  Roach x8  
  81  7:57  Queen  
  83  8:03  Infestor x3  
  89  8:07  Overlord x3  
  89  8:27  Hatchery  
  112  8:58  Extractor  
  112  8:59  Extractor  
Show
View Real Time Build Order
Export as new Build Order

Nethianer Terran 

Build Orders: Command Center First (CC), MMM Bio 

Get SALT Encoding   

  12  0:01  SCV  
  13  0:13  SCV  
  14  0:19  Supply Depot  
  14  0:25  SCV  
  15  0:41  SCV  
  16  0:57  Command Center  
  16  0:59  SCV  
  17  1:12  SCV  
  17  1:15  Barracks  
  18  1:25  Barracks  
  18  1:28  SCV  
  19  1:39  Barracks  
  19  1:44  SCV  
  20  2:04  Marine  
  20  2:05  Orbital Command  
  21  2:09  Orbital Command  
  21  2:13  Marine  
  22  2:18  Bunker  
  22  2:22  Marine  
  23  2:26  Marine  
  24  2:31  Marine  
  24  2:33  SCV  
  24  2:36  SCV  
  27  2:40  Marine  
  27  2:44  Marine  
  28  2:49  Marine  
  30  2:55  Bunker  
  30  2:56  Bunker, SCV  
  30  2:57  SCV  
  30  2:58  Marine  
  33  3:01  Marine  
  33  3:04  Supply Depot  
  34  3:07  Marine  
  34  3:08  SCV  
  34  3:09  SCV  
  37  3:15  Refinery  
  37  3:16  Refinery  
  37  3:21  SCV  
  37  3:26  SCV, Marine x3  
  42  3:34  SCV  
  42  3:38  SCV  
  44  3:44  Bunker  
  44  3:46  Bunker, SCV  
  44  3:47  Marine  
  46  3:52  Barracks  
  46  3:53  Marine x2  
  46  3:54  Supply Depot  
  48  3:56  Supply Depot  
  48  3:58  SCV  
  48  3:59  SCV  
  50  4:04  Marine  
  51  4:10  Marine  
  51  4:11  SCV  
  51  4:12  Barracks Tech Lab  
  51  4:13  SCV, Factory  
  54  4:23  SCV  
  55  4:24  Refinery  
  55  4:25  Refinery  
  55  4:28  Barracks Reactor  
  55  4:32  Stimpack  
  55  4:34  Supply Depot  
  55  4:37  SCV, Supply Depot  
  55  4:38  SCV  
  57  4:41  Barracks Reactor  
  57  4:49  SCV  
  57  4:52  Engineering Bay  
  58  4:53  Engineering Bay  
  58  4:55  SCV  
  59  5:00  Barracks Reactor  
  59  5:02  Starport  
  59  5:03  Factory Reactor  
  59  5:05  SCV  
  60  5:07  SCV  
  60  5:09  Marine x2  
  63  5:17  Marine  
  63  5:18  Marine  
  65  5:30  Command Center  
  61  5:51  Terran Infantry Weapons Level 1  
  61  5:53  Terran Infantry Armor Level 1  
  61  6:07  Medivac x2  
  65  6:25  Marine x3  
  65  6:31  Supply Depot  
  65  6:32  Supply Depot  
  68  6:34  Armory  
  68  6:35  Missile Turret  
  68  6:38  Medivac x2  
  68  6:39  Marine x3  
  75  6:40  Combat Shields  
  75  6:43  Factory Tech Lab  
  75  6:44  Missile Turret  
  75  6:52  Orbital Command  
  74  7:13  Marine  
  74  7:14  Marine x6  
  81  7:15  Medivac  
  83  7:27  Orbital Command  
  83  7:29  Siege Tank  
  85  7:31  Marine x3  
  85  7:32  Marine x3  
  91  7:38  Marine  
  92  7:55  Marine x2  
  92  7:56  Marine x5  
  92  7:57  Medivac  
  101  8:01  Siege Tank  
  104  8:13  Marine  
  104  8:19  Marine  
  106  8:20  Marine x5  
  110  8:31  Marine  
  110  8:37  Marine x4  
  110  8:38  Marine x2  
Show
View Real Time Build Order
Export as new Build Order

Musumeci Zerg 

Build Orders: Pool First, Zergling Baneling 

Get SALT Encoding   

  12  0:01  Drone  
  13  0:10  Drone  
  14  0:16  Drone, Extractor  
  15  0:22  Overlord  
  15  0:40  Drone x2  
  17  0:46  Spawning Pool  
  17  0:49  Extractor  
  15  0:51  Drone  
  15  0:55  Drone  
  17  1:14  Drone  
  18  1:23  Hatchery  
  17  1:36  Zergling x4  
  19  1:46  Zergling x2  
  20  1:48  Metabolic Boost  
  20  1:51  Zergling x2  
  21  2:10  Zergling x2  
  22  2:16  Overlord  
  22  2:23  Baneling Nest  
  22  2:26  Zergling x2  
  22  2:33  Queen  
  24  2:45  Zergling x2  
  24  2:46  Zergling x6  
  28  3:02  Queen  
  30  3:07  Baneling x3  
  30  3:08  Zergling x4  
  32  3:27  Zergling x8  
  36  3:34  Baneling x4  
  36  3:35  Baneling  
  34  3:57  Drone  
  34  3:58  Overlord x2  
  34  4:01  Extractor  
  34  4:02  Drone  
  34  4:19  Drone x5  
  39  4:32  Lair  
  39  4:33  Drone x4, Evolution Chamber  
  39  4:34  Drone  
  43  4:55  Drone x6  
  49  5:05  Drone x2  
  50  5:29  Hatchery  
  41  5:54  Baneling x2  
  41  6:04  Extractor  
  41  6:05  Extractor  
  41  6:06  Drone x3  
  41  6:07  Drone x3  
  41  6:09  Drone  
  41  6:10  Drone x2  
  47  6:26  Drone x4  
  51  6:38  Zerg Melee Weapons Level 1  
  51  6:50  Drone  
  51  6:51  Drone x5  
  51  6:53  Overlord x3  
  57  7:00  Roach Warren  
  54  7:08  Overlord x4, Extractor  
  52  7:09  Extractor  
  51  7:16  Zergling x14  
  50  7:39  Baneling  
  49  7:46  Baneling  
  49  7:47  Baneling x4  
  49  7:48  Roach x5  
  49  7:49  Roach x6  
  71  7:57  Baneling x2  
  71  7:58  Baneling x3  
  71  8:01  Roach x4  
  63  8:36  Roach x5  
  63  8:37  Roach x6  
  63  8:38  Ravager  
  63  8:39  Ravager x9  
  95  8:45  Evolution Chamber  
  73  9:01  Ravager x3  
Show
View Real Time Build Order
Export as new Build Order

MichyMoko Zerg 

Build Orders: Hatch First 

Get SALT Encoding   

  12  0:02  Drone  
  13  0:12  Overlord  
  13  0:18  Drone  
  14  0:47  Hatchery, Drone  
  14  1:05  Spawning Pool  
  14  1:09  Drone  
  14  1:12  Drone  
  14  1:16  Drone  
  16  1:22  Drone  
  17  1:26  Extractor  
  17  1:32  Drone  
  17  1:42  Drone  
  18  1:53  Drone  
  19  1:57  Queen  
  21  2:02  Queen  
  21  2:03  Zergling x2  
  21  2:07  Drone  
  25  2:27  Drone x2, Zergling x2  
  28  2:46  Overlord x2  
  28  2:54  Metabolic Boost  
  28  3:01  Overlord  
  28  3:04  Queen  
  30  3:08  Drone, Extractor  
  30  3:09  Drone x4  
  34  3:15  Overlord  
  34  3:23  Lair  
  34  3:30  Zergling x2  
  34  3:31  Zergling x4  
  37  3:40  Drone x3  
  40  3:43  Drone  
  40  3:44  Drone  
  42  3:48  Zergling x2  
  43  3:58  Zergling x6  
  46  4:04  Overlord  
  46  4:30  Spire  
  46  4:31  Drone x4  
  46  4:32  Drone x2  
  46  4:35  Drone x3, Extractor  
  46  4:36  Drone, Extractor  
  53  4:58  Hatchery  
  52  5:01  Evolution Chamber  
  52  5:02  Drone x3  
  52  5:03  Overlord  
  52  5:04  Evolution Chamber  
  53  5:09  Overlord  
  49  5:50  Mutalisk  
  49  5:51  Mutalisk x7  
  65  6:11  Zerg Missile Weapons Level 1  
  65  6:15  Zerg Ground Armor Level 1  
  65  6:32  Drone x2  
  67  6:33  Drone x4  
  67  6:34  Overlord x2  
  71  7:09  Zergling x2  
  67  7:26  Mutalisk  
  67  7:27  Mutalisk x5  
  75  7:40  Zergling x12  
  81  7:49  Mutalisk x2  
  81  7:50  Zergling x2  
  81  7:52  Mutalisk  
  83  8:02  Mutalisk  
  83  8:03  Mutalisk  
  87  8:13  Zergling x2  
  87  8:14  Mutalisk x2, Zergling x2  
  93  8:26  Mutalisk  
  95  8:39  Zergling x2  
  95  8:40  Zergling x20  
Tags
 
Add a new tag
Caveats
  • Supply blocks, unpowered buildings, or Contaminate may cause inaccurate times.
  • Supply counts are checked every 10 seconds.